 Dungeon Crawl Stone Soup version 0.24.0-13-gcf9b3192b9 (webtiles) character file.

Game seed: 2339724168658142184, levelgen mode: classic

478 EnegeticOcto the Sneak (level 7, 0/48 HPs)
             Began as an Octopode Hunter on Nov 6, 2019.
             Was an Initiate of Okawaru.
             Slain by an ogre
             ... wielding a +0 giant spiked club
              (23 damage)
             ... on level 5 of the Dungeon.
             The game lasted 00:05:10 (5366 turns).

EnegeticOcto the Sneak (Octopode Hunter)            Turns: 5366, Time: 00:05:11

Health: 0/48       AC:  1    Str: 11    XL:     7   Next: 11%
Magic:  8/8        EV: 15    Int: 15    God:    Okawaru [......]
Gold:   242        SH:  0    Dex: 13    Spells: 6/6 levels left

rFire    . . .     SeeInvis .   k - +1 falchion
rCold    . . .     Gourm    .   (no shield)
rNeg     . . .     Faith    .   (helmet restricted)
rPois    .         Spirit   .   (no amulet)
rElec    .         Reflect  .   q - ring of protection from magic
rCorr    .         Harm     .   d - ring of protection from magic
MR       ++...                  (no ring)
Stlth    ++++......             (no ring)
HPRegen  0.16/turn              (no ring)
MPRegen  0.11/turn              (no ring)
                                (no ring)
                                (no ring)

@: no status effects
A: almost no armour, stealthy swim, amphibious, 8 rings, constrict 8, camouflage
1, gelatinous body 1
a: Renounce Religion


You were on level 5 of the Dungeon.
You worshipped Okawaru.
Okawaru was noncommittal.
You were not hungry.

You visited 2 branches of the dungeon, and saw 6 of its levels.

You collected 242 gold pieces.

Inventory:

Hand Weapons
 k - a +1 falchion (weapon)
Missiles
 b - 13 javelins (quivered)
 c - a throwing net {!f}
 f - 9 poisoned darts
Jewellery
 d - a ring of protection from magic (right tentacle)
 q - a ring of protection from magic (left tentacle)
Scrolls
 h - a scroll of amnesia
 i - a scroll of enchant armour
 m - 3 scrolls of remove curse {@r2}
 o - a scroll of immolation
 p - a scroll of enchant weapon
 t - a scroll of fog {!r}
 u - a scroll of teleportation {@r3 !r}
 v - a scroll of identify {@r1}
Potions
 a - a potion of heal wounds {unknown}
 g - a potion of brilliance {unknown}
 j - 3 potions of lignification {unknown}
 l - 3 potions of curing {unknown}
 n - 2 potions of flight {unknown}
 r - 2 potions of magic {unknown}
Comestibles
 e - 5 rations
 s - a chunk of flesh


   Skills:
 + Level 4.1 Fighting
 * Level 2.4 Long Blades
 - Level 4.0 Throwing
 + Level 4.1 Dodging
 + Level 5.3 Stealth
 + Level 1.5 Invocations


You had 6 spell levels left.
You didn't know any spells.
Your spell library contained the following spells:

 Spells                   Type           Power        Failure   Level  Hunger
 Animate Skeleton         Necr           N/A          26%         1    ##.....
 Pain                     Necr           #...         26%         1    ##.....
 Regeneration             Chrm/Necr      #.........   63%         3    ####...
 Vampiric Draining        Necr           #.........   63%         3    ####...
 Animate Dead             Necr           N/A          95%         4    #####..


Dungeon Overview and Level Annotations

Branches:
Dungeon (5/15)             Temple (1/1) D:4

Altars:
Ashenzari
Cheibriados
Dithmenos
Elyvilon
Fedhas
Gozag
Okawaru
Qazlal
Sif Muna
Trog
Vehumet
Wu Jian
Xom
Zin
The Shining One


Innate Abilities, Weirdness & Mutations

You cannot wear most types of armour.
You are very stealthy in the water. (Stealth+)
You are amphibious.
You can wear up to eight rings at the same time.
You can use your tentacles to constrict eight enemies at once.
Your skin changes colour to match your surroundings (Stealth+).
Your rubbery body absorbs attacks. (AC +1, EV +1)


Message History

The giant cockroach completely misses you.
You completely miss the giant cockroach.
You grab the giant cockroach.
Your squeeze misses the giant cockroach.
You constrict the giant cockroach. The giant cockroach barely misses you.
The giant cockroach bites you.
You barely miss the giant cockroach.
The giant cockroach is moderately wounded.
You constrict the giant cockroach.
You kill the giant cockroach!
Okawaru accepts your kill.
No target in view!
No target in view!
No target in view!
No target in view!
You see here a ring of protection from magic.
d - a ring of protection from magic
d - a ring of protection from magic (right tentacle)
You butcher the giant cockroach corpse.
s - a chunk of flesh A frilled lizard comes into view.
A frilled lizard is nearby!
A frilled lizard is nearby!
The frilled lizard hisses angrily.
You miss the frilled lizard. Your grab misses the frilled lizard.
You squeeze the frilled lizard.
You kill the frilled lizard!
Okawaru accepts your kill.
No target in view!
No target in view!
No target in view!
No target in view!
v - a scroll of identify {@r1}
Found an escape hatch in the floor.
There is an escape hatch in the floor here.
You now have 242 gold pieces (gained 16).
You open the door.
There is an open door here.
Found a stone staircase leading down.
You open the door.
There is an open door here.
As you open the door, it creaks loudly!
You hear a shout!
There is an open door here.
An ogre and a zombie come into view.
There are monsters nearby!
There are monsters nearby!
Throwing (i - inventory. (/) - cycle)
b - 18 javelins (quivered)
Press: ? - help, Shift-Dir - straight line You throw a javelin.
The javelin pierces through the worker ant zombie!
The worker ant zombie is moderately damaged.
The javelin pierces through the ogre.
The ogre is lightly wounded.
An orc comes into view. It is wielding a +0 flail.
Throwing (i - inventory. (/) - cycle)
b - 17 javelins (quivered)
Press: ? - help, Shift-Dir - straight line, f - orc
Aim: an orc, wielding a +0 flail and wearing a +0 scale mail (hasn't noticed you)
You throw a javelin. The orc shouts!
The javelin pierces through the worker ant zombie.
The worker ant zombie is severely damaged.
The javelin pierces through the ogre!
The ogre is heavily wounded.
The javelin barely misses the orc.
The worker ant zombie waves its antennae.
The worker ant zombie barely misses you.
You riposte.
You hit the worker ant zombie. You grab the worker ant zombie.
The worker ant zombie is almost destroyed.
Throwing (i - inventory. (/) - cycle)
b - 16 javelins (quivered)
Press: ? - help, Shift-Dir - straight line, f/p - orc
Aim: an orc, wielding a +0 flail and wearing a +0 scale mail You throw a javelin.
The javelin pierces through the worker ant zombie.
The worker ant zombie is almost destroyed.
The javelin barely misses the ogre.
The javelin closely misses the orc.
You constrict the worker ant zombie.
The worker ant zombie barely misses you.
Throwing (i - inventory. (/) - cycle)
b - 15 javelins (quivered)
Press: ? - help, Shift-Dir - straight line, f/p - orc
Aim: an orc, wielding a +0 flail and wearing a +0 scale mail You throw a javelin.
The javelin pierces through the worker ant zombie!
You destroy the worker ant zombie!
Okawaru accepts your kill.
The javelin barely misses the ogre.
The javelin pierces through the orc!
You kill the orc!
Okawaru accepts your kill.
You completely miss the ogre.
The ogre is heavily wounded.
The ogre hits you with a +0 giant spiked club!!
Ouch! That really hurt!
There is an open door here.
There is an open door here.
Throwing (i - inventory. (/) - cycle)
b - 14 javelins (quivered)
Press: ? - help, Shift-Dir - straight line, f - ogre
Aim: an ogre, wielding a +0 giant spiked club (heavily wounded)
You throw a javelin. The javelin pierces through the ogre!
The ogre is almost dead.
The ogre hits you with a +0 giant spiked club!!
You die...

## #.# #.#.######( # #.#
#......(... # ####.### #.#
# #......# ##(## #
#.##.#.## ##...## ##
#.#.....# ##.....## .##
##.......###.......#
#.#####........##O........#
#...............@.........+
#.#####..#..>..##.........#
.....##........###.......##
#.##.###.####### ##.....##
#.##.# #.# ##...## #.##.#
#.# #+## ..##.# .# .###.#
.# #.#


You could see an ogre.

Vanquished Creatures
  An ice beast (D:5)
  A sky beast (D:5)
  A jelly (D:5)
  3 orc priests (D:3)
  A worker ant (D:4)
  A worker ant zombie (D:5)
  3 adders
  An adder zombie (D:5)
  2 worms
  4 leopard geckos
  12 orcs
  5 giant cockroaches
  11 goblins
  6 hobgoblins
  4 jackals
  7 kobolds
  4 quokkas (D:2)
  A ball python (D:4)
  5 bats
  4 frilled lizards
  A jackal skeleton (D:4)
  9 rats
87 creatures vanquished.

Notes
Turn   | Place    | Note
-------+----------+-------------------------------------------
     0 | D:1      | EnegeticOcto the Octopode Hunter began the quest for the
                  | Orb.
     0 | D:1      | Reached XP level 1. HP: 14/14 MP: 1/1
    80 | D:1      | Reached skill level 2 in Stealth
   114 | D:1      | Reached XP level 2. HP: 15/19 MP: 2/2
   827 | D:2      | Reached XP level 3. HP: 25/25 MP: 3/3
  1353 | D:2      | Reached skill level 3 in Stealth
  1970 | D:3      | Reached XP level 4. HP: 16/31 MP: 4/4
  2144 | D:3      | Reached skill level 4 in Stealth
  2144 | D:3      | Reached XP level 5. HP: 14/36 MP: 5/5
  2365 | D:3      | HP: 1/36 [orc/cursed +0 flail (9)]
  3481 | D:4      | Found a snail-covered altar of Cheibriados.
  3482 | D:4      | Found a shimmering blue altar of Sif Muna.
  3532 | D:4      | Found a staircase to the Ecumenical Temple.
  3541 | Temple   | Entered the Ecumenical Temple
  3861 | D:4      | Found an iron altar of Okawaru.
  3866 | D:4      | Became a worshipper of Warmaster Okawaru
  3934 | D:4      | Found a shadowy altar of Dithmenos.
  3946 | D:4      | Reached XP level 6. HP: 34/43 MP: 6/6
  4110 | D:4      | Found a bloodstained altar of Trog.
  4114 | D:4      | Reached skill level 1 in Long Blades
  4417 | D:5      | Entered Level 5 of the Dungeon
  4425 | D:5      | Noticed a sky beast
  4697 | D:5      | Found an opulent altar of Gozag.
  4733 | D:5      | Killed a sky beast
  4733 | D:5      | Reached skill level 5 in Stealth
  4997 | D:5      | Reached skill level 1 in Invocations
  5120 | D:5      | Noticed an ice beast
  5128 | D:5      | Killed an ice beast
  5128 | D:5      | Reached XP level 7. HP: 34/48 MP: 6/8
  5366 | D:5      | Slain by an ogre

Levels and vault maps discovered:
D:1:      onia_arrival_mini_spirals, layout_rooms
D:2:      layout_loops_ring
D:3:      layout_loops_ring, minmay_misc_feat_rows, corexii_shack,
          minmay_misc_feat_plants
D:4:      layout_basic, lemuel_doored_altar, grunt_dithmenos_smoke_and_mirrors,
          chequers_temple_overflow_statue_of_worship,
          minmay_temple_entry_sparse_star, trog_butcher_becter
D:5:      minmay_clustersquares, layout_loops_corners, first_ration,
          grunt_gozag_breadcrumbs, uniq_menkaure
Temple:   minmay_freezing_vapour_temple

Skill      XL: |  1  2  3  4  5  6 |
---------------+-------------------+-----
Stealth        | 2 3 4 5 |  5.3
Fighting       | 3 4 |  4.1
Dodging        | 3 4 |  4.1
Long Blades    | 2 |  2.4
Invocations    | 1 |  1.5
Throwing       | |  4.0

Action                   |  1- 3 |  4- 6 |  7- 9 || total
-------------------------+-------+-------+-------++-------
Melee: Short sword       |    87 |    57 |       ||   144
       Constrict         |    21 |    25 |     2 ||    48
       Tentacles         |    14 |    20 |     1 ||    35
       Falchion          |       |    45 |     4 ||    49
Throw: Javelin           |     2 |     8 |     5 ||    15
       Dart              |       |     2 |       ||     2
       Throwing net      |       |     2 |       ||     2
  Use: Scroll            |     3 |     8 |       ||    11
 Stab: Sleeping          |    14 |     7 |       ||    21
       Distracted        |     1 |       |       ||     1
       Held in net/web   |       |     4 |       ||     4
  Eat: Chunk             |     3 |     4 |       ||     7
       Ration            |       |     2 |       ||     2
Armor: Skin              |     7 |     2 |       ||     9
Dodge: Dodged            |    47 |    70 |     4 ||   121
       Rpst.: Falchion   |       |     9 |     1 ||    10
